[Event "Live Chess"]
[Site "Chess.com"]
[Date "2023.05.21"]
[Round "-"]
[White "diana21strabt"]
[Black "zdanevych"]
[Result "1-0"]
[WhiteElo "1750"]
[BlackElo "1527"]
[TimeControl "300"]
[EndTime "5:17:36 PDT"]
[Termination "diana21strabt won by resignation"]

1. e4 c5 2. Nf3 e6 3. d4 d5 4.
exd5 exd5 5. Nc3 Nc6 6. dxc5 Nf6 7. Bg5 Bxc5 8. Bxf6 Qxf6 9. Qxd5 Bb6 10. Bb5 O-O 11. O-O Be6 12. Qg5 Qf5 13. Qxf5 Bxf5 14. Bxc6 bxc6 15.
Rac1 h6 16. h3 Rfe8 17. Rfe1 Rad8 18. Rxe8+ Rxe8 19. Kf1 Rd8 20. g4 Bg6 21. Ne5 Bh7 22.
Nc4 Bc7 23. Ne3 Bf4 24. Ke2 f5 25. gxf5 Bxf5 26. h4 Bg4+ 27. f3 Bh5 28. Rg1 Re8 29.
Nd1 Bf7 30. b3 g5 31. hxg5 hxg5 32. Kf2 Bg6 33. c4 Rd8 34. Ng4 Rd2+ 35. Ke1 Rxa2 36. Nf6+ Kf7 37. Ne4 Ra1 38. Ke2 Ke7 39. Nxg5 Ra2+ 40.
Kf1 Bd3+ 41. Ke1 Bd2+ 42. Kf2 Bxg5+ 43. Kg3 Bf6 44. Nf2 Bc2 45. Re1+ Kf7 46. Ng4 Bxb3 47.
Rb1 Ra3 48. c5 Bd5 49. Rb7+ Ke6 50. Nh2 Be5+ 51. Kg2 Bxh2 52. Kxh2 Rxf3 53. Rxa7 Rc3 54. Ra5 Ke5 55. Kg1 Kd4 56. Ra4+ Rc4 57. Ra6 Rxc5 58. Ra8 Rb5 59. Rd8 Rb7 60. Kf2 Rc7 61. Ke2 Kc3 62.
Ke3 Kb2 63. Kd2 Ba2 64. Rb8+ Ka3 65. Kc3 c5 66. Ra8+ 1-0

[Event "Live Chess"]
[Site "Chess.com"]
[Date "2023.05.21"]
[Round "-"]
[White "AMCWAML"]
[Black "wot-not"]
[Result "1-0"]
[WhiteElo "2323"]
[BlackElo "1537"]
[TimeControl "300"]
[EndTime "5:17:41 PDT"]
[Termination "AMCWAML won by resignation"]

1. e4 e6 2. d4 d5 3. Nc3 Nf6 4. e5 Nfd7 5. f4 c5 6. Nf3 Nc6 7. Be3 cxd4 8. Nxd4 Nxd4 9. Bxd4 Bc5 10. Bb5 Bxd4 11.
Qxd4 O-O 12. O-O Nb6 13. Rad1 Bd7 14. Bd3 Rc8 15. Rf3 Nc4 16. Qf2 Nxb2 17. Bxh7+ Kxh7 18. Rh3+ Kg8 19. Rb1 Na4 20. Nd1 b5 21. Qe2 f6 22.
Rbb3 Kf7 23. Rbg3 f5 24. Qh5+ Ke7 25. Rxg7+ 1-0

[Event "Live Chess"]
[Site "Chess.com"]
[Date "2023.05.21"]
[Round "-"]
[White "Crowded_House"]
[Black "AbilifyXL"]
[Result "0-1"]
[WhiteElo "1608"]
[BlackElo "1963"]
[TimeControl "300"]
[EndTime "5:17:47 PDT"]
[Termination "AbilifyXL won by resignation"]

1. d4 d5 2. Bg5 c6 3. c3 Bf5 4. e3 Nd7 5. Bd3 Bg6 6. Nf3 Ngf6 7.
Qc2 e6 8. Nbd2 Be7 9. O-O O-O 10. Rfe1 Rc8 11. e4 dxe4 12. Nxe4 Nxe4 13. Bxe4 Bxg5 14. Bxg6 hxg6 15. Nxg5 Qxg5 16. h3 Qd5 17. Re4 c5 18. dxc5 Nxc5 19. Rd1 Qxe4 20. Qxe4 Nxe4 0-1

[Event "Live Chess"]
[Site "Chess.com"]
[Date "2023.05.21"]
[Round "-"]
[White "1600x"]
[Black "Leonid_Starozhilov"]
[Result "0-1"]
[WhiteElo "1870"]
[BlackElo "2633"]
[TimeControl "300"]
[EndTime "5:17:52 PDT"]
[Termination "Leonid_Starozhilov won by checkmate"]

1. d4 Nf6 2. c4 g6 3. d5 Bg7 4. Nc3 O-O 5. e4 d6 6. Nf3 e5 7. Bd3 Nh5 8. O-O a5 9. h3 Na6 10. Bg5 Qe8 11. Be3 f5 12. Bg5 f4 13. Bh4 h6 14.
Be2 Nc5 15. Ne1 Nf6 16. f3 g5 17. Bf2 b6 18. Nd3 h5 19. Nxc5 bxc5 20. Nb5 Qf7 21. Re1 Ba6 22. Nc3 Qg6 23. Rf1 Bc8 24.
b3 g4 25. h4 gxf3 26. Bxf3 Ng4 27. Qc2 Bd7 28. Rac1 Bf6 29. Rfe1 Kh8 30. Nb5 Bxb5 31. cxb5 Rg8 32. a4 Qf7 33. Rf1 Qe7 34. Bxg4 Rxg4 35. Be1 Rag8 36. Qe2 Rxg2+ 37. Qxg2 Rxg2+ 38. Kxg2 Qg7+ 39. Kh2 Qg4 40. Rg1 Qe2+ 41. Rg2 Qxe4 42. Rgc2 f3 43. Bf2 Bxh4 44. Rc4 Qe2 45. R4c2 Bxf2 46. Rxe2 fxe2 47.
Kg2 e1=Q 48. Rxe1 Bxe1 49. Kf3 h4 50. Kg2 e4 51. Kh2 e3 52. Kg2 Bg3 53. Kf3 h3 54. Kxg3 e2 55. Kf2 h2 56. Kxe2 h1=Q 57. Kd2 Qxd5+ 58.
Ke3 Qd4+ 59. Ke2 Qb4 60. b6 cxb6 61. Kd3 Qxb3+ 62. Ke4 Qxa4+ 63. Kd5 Qd4+ 64. Kc6 c4 65. Kd7 c3 66. Ke6 c2 67. Ke7 b5 68. Kd7 b4 69.
Kc6 b3 70. Kd7 b2 71. Kc6 a4 72. Kd7 a3 73. Kc6 a2 74. Kd7 Qc5 75. Ke6 Qe5+ 76. Kd7 d5 77. Kc6 d4 78. Kd7 d3 79. Kc6 d2 80. Kd7 d1=N 81. Kc6 c1=N 82. Kd7 b1=N 83. Kc6 a1=N 84. Kb6 Ndc3 85. Kb7 Nd3 86. Ka7 Na3 87. Kb7 Nb3 88. Ka7 Na4 89. Kb7 Nb4 90. Ka8 Nbc5 91. Ka7 Nb5+ 92. Ka8 Nb6# 0-1

[Event "Live Chess"]
[Site "Chess.com"]
[Date "2023.05.21"]
[Round "-"]
[White "Long1968"]
[Black "McSlash1"]
[Result "0-1"]
[WhiteElo "954"]
[BlackElo "2004"]
[TimeControl "300"]
[EndTime "5:17:54 PDT"]
[Termination "McSlash1 won on time"]

1. e4 c5 2. c3 d5 3. exd5 Qxd5 4. d4 cxd4 5. cxd4 Nf6 6. Nc3 Qd8 7. Nf3 Bf5 8. Be2 e6 9. Ne5 Nbd7 10. Bb5 Be7 11.
Qa4 O-O 12. Nxd7 a6 13. Nxf6+ Bxf6 14. Be2 b5 15. Qd1 Qxd4 16. Be3 Qb4 17. Bd2 Qxb2 18. O-O Bxc3 19. Bxc3 Qxc3 20. Rc1 Qf6 21. g4 Bg6 22. f4 Rfd8 23. Qb3 Rd2 24. Rf2 Qd4 25. Re1 Rd8 26. f5 exf5 27. Qf3 fxg4 28. Qxg4 Qxg4+ 29. Bxg4 Rxf2 30. Kxf2 h5 31. Bf3 Rd2+ 32. Re2 Rxe2+ 33. Kxe2 b4 34. Bb7 a5 35. Ke3 Bb1 36. Bd5 a4 37.
Kd4 a3 0-1

[Event "Live Chess"]
[Site "Chess.com"]
[Date "2023.05.21"]
[Round "-"]
[White "MJMykh"]
[Black "mach247"]
[Result "1/2-1/2"]
[WhiteElo "1175"]
[BlackElo "1352"]
[TimeControl "300"]
[EndTime "5:18:02 PDT"]
[Termination "Game drawn by repetition"]

1. e4 d5 2. exd5 Qxd5 3. Nc3 Qd8 4. Bb5+ c6 5. Bc4 e6 6. Nf3 Nf6 7. O-O Nbd7 8. d3 a5 9. a3 Nb6 10. Bb3 Be7 11. Bg5 O-O 12. Ne4 Nbd5 13. Bxd5 cxd5 14.
Nxf6+ Bxf6 15. Bxf6 Qxf6 16. Rb1 b5 17. Qe2 b4 18.
axb4 axb4 19. Qe5 Qe7 20. Nd4 f6 21. Qg3 e5 22. Nc6 Qb7 23. Nxe5 fxe5 24. Qxe5 Qf7 25. Qd4 Rb8 26. c4 dxc4 27. Qxc4 Qxc4 28. dxc4 Be6 29. b3 Rfd8 30. Rfd1 Rxd1+ 31. Rxd1 Bf5 32. f3 Bc2 33. Re1 Bxb3 34. Re4 Rc8 35. Kf2 Bxc4 36. Ke3 b3 37. Kd2 Bf7 38. Re1 b2 39. Rb1 Rb8 40.
Kc3 Bg6 41. Rxb2 Rxb2 42. Kxb2 Bd3 43. Kc3 Bf1 44. g3 Bg2 45. f4 Kf7 46. Kd4 Kf6 47.
Ke3 Kf5 48. Kf2 Bd5 49. Ke3 h5 50. Kd4 Bf3 51. Ke3 Ba8 52. Kf2 g5 53. fxg5 Kxg5 54. h3 Be4 55. Ke3 Bf5 56. h4+ Kg4 57. Kf2 Be4 58.
Ke3 Bh1 59. Kf2 Kh3 60. Kg1 Bd5 61. Kf2 Bc6 62. Kg1 Bb7 63. Kf2 Bc6 64. Kg1 Bb7 65.
Kf2 Bc6 1/2-1/2

[Event "Live Chess"]
[Site "Chess.com"]
[Date "2023.05.21"]
[Round "-"]
[White "chessfiction"]
[Black "JohanKjeldahl"]
[Result "1-0"]
[WhiteElo "2313"]
[BlackElo "1865"]
[TimeControl "300"]
[EndTime "5:18:09 PDT"]
[Termination "chessfiction won by resignation"]

1. e4 c5 2. d4 cxd4 3. c3 dxc3 4. Nxc3 e6 5. Nf3 Nc6 6. Bd3 a6 7. Bg5 Be7 8. h4 h6 9. Be3 b5 10. e5 Bb7 11. Ne4 f5 12. exf6 Nxf6 13. Nxf6+ Bxf6 14. Bg6+ Ke7 15. g4 Qc7 16. Rc1 Rac8 17. Rg1 Qa5+ 18. Bd2 Qxa2 19. g5 hxg5 20. hxg5 Bxb2 21.
Rc2 Qa3 22. Qb1 Qxf3 23. Qxb2 e5 24. Rc3 Qd5 25. Rd3 Qe6 26. Be4 Rh4 27. Bd5 Qf5 28. Rf3 Re4+ 29. Bxe4 Qxe4+ 30. Re3 Qf5 31. Kd1 d6 32.
Rge1 Qg4+ 33. f3 Qd4 34. Qxd4 Nxd4 35. Bb4 Bxf3+ 36. Kd2 Kd7 37. Rc3 Rxc3 38. Bxc3 g6 39. Bxd4 exd4 40. Rf1 Be4 41. Rf7+ Kc6 42. Ra7 Kb6 43.
Rd7 Bf5 44. Rxd6+ Ka5 45. Rxd4 Kb6 46. Rd5 Kc6 47. Rxf5 gxf5 48. g6 1-0

[Event "Live Chess"]
[Site "Chess.com"]
[Date "2023.05.21"]
[Round "-"]
[White "domrobson"]
[Black "yarek"]
[Result "1-0"]
[WhiteElo "1733"]
[BlackElo "1874"]
[TimeControl "300"]
[EndTime "5:18:25 PDT"]
[Termination "domrobson won on time"]

1. d4 g6 2. c4 Bg7 3. Nc3 c6 4. e4 d6 5. f4 Nh6 6. Be2 O-O 7. h3 f5 8. e5 e6 9. Be3 Nf7 10. Qb3 d5 11. Nf3 dxc4 12. Bxc4 b5 13. Bxe6 Bxe6 14. Qxe6 Qa5 15. Ng5 b4 16. Nxf7 Rxf7 17.
Nd1 Qb5 18. b3 Nd7 19. Qc4 Qb7 20. Rc1 c5 21. O-O Rc8 22. d5 Nb6 23. Qd3 Nxd5 24. Bxc5 Rd7 25. Qc4 Kh8 26. Qe2 Bf8 27. Qf2 Nc3 28.
Bxf8 Rxf8 29. Nxc3 bxc3 30. Rxc3 Rfd8 31. Rc2 Rd4 32.
Rfc1 Rd1+ 33. Rxd1 Rxd1+ 34. Kh2 Qe4 35. Re2 Qb1 36.
e6 Rh1+ 37. Kg3 1-0

[Event "Live Chess"]
[Site "Chess.com"]
[Date "2023.05.21"]
[Round "-"]
[White "Oleg03082013"]
[Black "MarkLim1"]
[Result "0-1"]
[WhiteElo "1124"]
[BlackElo "1699"]
[TimeControl "300"]
[EndTime "5:18:41 PDT"]
[Termination "MarkLim1 won by checkmate"]

1. e4 e6 2. Nf3 d5 3. exd5 exd5 4. d4 Bd6 5. Nc3 c6 6. Bd3 Nf6 7. O-O O-O 8. Bg5 Bg4 9. h3 Bh5 10. Ne4 Be7 11. Nxf6+ Bxf6 12. Bxf6 Qxf6 13. Qe2 Bxf3 14. Qxf3 Qxf3 15. gxf3 Re8 16. Kh2 Na6 17. Rg1 Nb4 18. Bxh7+ Kxh7 19. Rg4 Re2 20. Rag1 Rxf2+ 21.
Kh1 g6 22. Rh4+ Kg7 23. Rhg4 Rh8 24. h4 Nxc2 25. f4 Nxd4 26. R4g2 Rxh4+ 27. Rh2 Rhxh2# 0-1

[Event "Live Chess"]
[Site "Chess.com"]
[Date "2023.05.21"]
[Round "-"]
[White "BJAW87"]
[Black "HoarseyHorsey"]
[Result "1/2-1/2"]
[WhiteElo "1453"]
[BlackElo "1485"]
[TimeControl "300"]
[EndTime "5:18:44 PDT"]
[Termination "Game drawn - insufficient material"]

1. e4 c5 2. Nf3 e6 3. Bc4 d5 4. exd5 exd5 5. Bb5+ Nc6 6. d4 Nf6 7. Ne5 Qc7 8. O-O cxd4 9. Nxc6 bxc6 10. Re1+ Be6 11.
Ba4 Bd6 12. h3 O-O 13. Qxd4 c5 14. Qe3 d4 15. Qe2 Nd5 16. Nd2 Nf4 17. Qf3 Nxh3+ 18. gxh3 Qc8 19. Kg2 Rd8 20. Ne4 Be5 21. Ng5 Bd5 22.
Ne4 f5 23. Qh5 Bxe4+ 24. Rxe4 fxe4 25. Qxe5 e3 26. fxe3 dxe3 27. Bxe3 Rf8 28. Bb3+ Kh8 29. Bxc5 Qc6+ 30. Qd5 Qxd5+ 31. Bxd5 Rf5 32. c4 a5 33.
Bxa8 Rxc5 34. b3 Rc8 35. Bb7 Rc7 36. Bd5 g6 37. Re1 Kg7 38. Re8 Ra7 39. Re6 a4 40. bxa4 Rxa4 41. c5 Ra7 42. Re5 Rc7 43. Kf3 Rxc5 44.
Re7+ Kf6 45. Be4 Kxe7 46. Kf4 Ra5 47. h4 Rxa2 48. Kg5 Ra4 49. h5 Rxe4 50. hxg6 hxg6 51. Kxg6 Re5 52. Kg7 Rf5 53. Kg6 Rf1 54. Kg5 Ke6 55. Kg4 Rf5 56. Kg3 Kf6 57. Kg4 Kg6 58. Kg3 Kg5 59. Kg2 Kg4 60. Kg1 Rf3 61. Kg2 Kf4 62. Kh2 Rf1 63. Kg2 Rf2+ 64. Kxf2 1/2-1/2

[Event "Live Chess"]
[Site "Chess.com"]
[Date "2023.05.21"]
[Round "-"]
[White "LL220284LL"]
[Black "The_Straightforward_Rook"]
[Result "0-1"]
[WhiteElo "2299"]
[BlackElo "1957"]
[TimeControl "300"]
[EndTime "5:18:56 PDT"]
[Termination "The_Straightforward_Rook won by checkmate"]

1. c4 e5 2. g3 Nf6 3. Bg2 c6 4. d4 e4 5. d5 Bb4+ 6. Bd2 Qe7 7. a3 Bxd2+ 8. Qxd2 cxd5 9. cxd5 O-O 10. Nc3 d6 11. Nxe4 Nxe4 12. Qd4 Re8 13. Nf3 Nxg3 14. e3 Nxh1 15.
Bxh1 Bf5 16. Qf4 Qe4 17. Qg5 h6 18. Qg1 Qc2 19. Nd4 Qxb2 20. Rd1 Bg6 21. Bf3 Nd7 22. Qg3 Ne5 23. Be2 Rac8 24. h4 Rc1 25. h5 Qc3+ 26. Kf1 Bd3 27. Kg2 Rxd1 28. Bxd1 Be4+ 29.
Kh2 Qd2 30. Ba4 Rc8 31. Bb5 Rc1 32. Be8 Rh1# 0-1

[Event "Live Chess"]
[Site "Chess.com"]
[Date "2023.05.21"]
[Round "-"]
[White "mliszewski"]
[Black "zdanevych"]
[Result "1-0"]
[WhiteElo "1807"]
[BlackElo "1524"]
[TimeControl "300"]
[EndTime "5:19:15 PDT"]
[Termination "mliszewski won by resignation"]

1. d4 d5 2. Bf4 c5 3. e4 cxd4 4. Qxd4 Nf6 5. Nc3 Nc6 6. Bb5 a6 7.
Bxc6+ bxc6 8. exd5 cxd5 9. O-O-O e6 10. Nf3 Be7 11. Ne5 O-O 12. Nc6 Qe8 13. Nxe7+ Qxe7 14. Be5 Bd7 15. g4 g6 16. Bxf6 1-0

[Event "Live Chess"]
[Site "Chess.com"]
[Date "2023.05.21"]
[Round "-"]
[White "chessfiction"]
[Black "mach247"]
[Result "1-0"]
[WhiteElo "2313"]
[BlackElo "1352"]
[TimeControl "300"]
[EndTime "5:19:17 PDT"]
[Termination "chessfiction won by checkmate"]

1. e4 d5 2. d4 dxe4 3. f3 exf3 4. Nxf3 Nf6 5. Bc4 e6 6. O-O Be7 7. Kh1 O-O 8. Qe1 Nbd7 9. Nc3 Nb6 10. Bd3 Re8 11. Qh4 h6 12. Bxh6 gxh6 13. Qxh6 Nh7 14. Bxh7+ Kh8 15. Bg6+ Kg8 16. Qh7+ Kf8 17. Qxf7# 1-0

[Event "Live Chess"]
[Site "Chess.com"]
[Date "2023.05.21"]
[Round "-"]
[White "friarnator"]
[Black "WelshTiger"]
[Result "1-0"]
[WhiteElo "2020"]
[BlackElo "2291"]
[TimeControl "300"]
[EndTime "5:19:45 PDT"]
[Termination "friarnator won by resignation"]

1. e4 c6 2. d4 d5 3. Nc3 dxe4 4. Nxe4 Nf6 5. Nxf6+ exf6 6. c3 Bd6 7. Bd3 O-O 8.
Qc2 h5 9. Ne2 Re8 10. O-O h4 11. h3 Nd7 12. Bd2 Nf8 13. Rae1 Bc7 14. c4 Qd6 15. f4 Be6 16. c5 Qd7 17. f5 Bd5 18. Nf4 Bxf4 19. Bxf4 Rxe1 20. Rxe1 Re8 21. Rxe8 Qxe8 22. Kf2 Nh7 23. b3 Ng5 24. Bxg5 fxg5 25. Qe2 Qxe2+ 26. Bxe2 Kf8 27. Bf3 Bxf3 28. Kxf3 Ke7 29.
Ke4 Kf6 30. b4 g6 31. fxg6 Kxg6 32. d5 f5+ 33. Ke5 cxd5 34. Kxd5 f4 35. Ke5 g4 36.
Kxf4 gxh3 37. gxh3 Kf6 38. Ke4 Ke6 39. a4 a6 40. b5 a5 41. Kd4 Kd7 42. Ke5 Kc7 43.
Kd5 Kd7 44. c6+ Kc7 45. Kc5 b6+ 46. Kd5 Kd8 47. Kd6 Kc8 48. c7 1-0

[Event "Live Chess"]
[Site "Chess.com"]
[Date "2023.05.21"]
[Round "-"]
[White "LiamClery2020"]
[Black "viktorskliarov"]
[Result "0-1"]
[WhiteElo "1987"]
[BlackElo "2649"]
[TimeControl "300"]
[EndTime "5:19:49 PDT"]
[Termination "viktorskliarov won by resignation"]

1. e4 c5 2. Nf3 Nc6 3. Bb5 e6 4. Bxc6 bxc6 5. O-O Ne7 6. Re1 Ng6 7. c3 Qc7 8. d4 cxd4 9. cxd4 d5 10. exd5 cxd5 11.
Nc3 Be7 12. Bg5 O-O 13. Bxe7 Nxe7 14. Rc1 Qa5 15. a3 Ng6 16. Ne5 Nxe5 17. Rxe5 Bd7 18. Qf3 Rab8 19. b4 Qxa3 20. Nxd5 Qxc1+ 0-1

[Event "Live Chess"]
[Site "Chess.com"]
[Date "2023.05.21"]
[Round "-"]
[White "sanjesh_ananda"]
[Black "siddu198"]
[Result "0-1"]
[WhiteElo "1236"]
[BlackElo "1641"]
[TimeControl "300"]
[EndTime "5:19:53 PDT"]
[Termination "siddu198 won on time"]

1. e4 e5 2. Nf3 Nc6 3. Bc4 Bc5 4. O-O Nf6 5. Re1 Ng4 6. d4 exd4 7. Ng5 Nce5 8. Bxf7+ Kf8 9. Bb3 d6 10. Rf1 Qf6 11. f4 d3+ 12. Kh1 Nf2+ 13. Rxf2 Bxf2 14. fxe5 dxe5 15. cxd3 Bh3 16. Nxh3 Bd4 17. Nc3 Ke7 18. Bd2 c6 19. Ne2 Raf8 0-1

[Event "Live Chess"]
[Site "Chess.com"]
[Date "2023.05.21"]
[Round "-"]
[White "MartynColebrook"]
[Black "OleksiyJr1"]
[Result "0-1"]
[WhiteElo "968"]
[BlackElo "1029"]
[TimeControl "300"]
[EndTime "5:20:00 PDT"]
[Termination "OleksiyJr1 won by resignation"]

1. e4 c5 2. Nf3 Nc6 3. d4 cxd4 4. Nxd4 Nxd4 5. Qxd4 Nf6 6. Nc3 e6 7. Bd3 d5 8. exd5 Nxd5 9. Nxd5 Qxd5 10. Qxd5 exd5 11. Bf4 Be7 12. O-O-O h6 13. Bb5+ Bd7 14. Bxd7+ Kxd7 15. Rxd5+ Ke8 16. Rhd1 Rd8 17. Be5 Rxd5 18. Rxd5 f6 19.
Bc3 Kf7 20. f4 Rd8 21. Rxd8 Bxd8 22. g4 Bc7 23. g5 Bxf4+ 24. Kb1 Bxh2 25. gxf6 gxf6 26.
Bd4 Be5 27. Bxa7 h5 28. Kc1 h4 29. Kd1 h3 30. Bg1 Kg6 31. Ke2 Kh5 32. Kf3 Kh4 33.
b4 f5 34. c4 Bc3 35. a3 Be5 36. a4 h2 37. Bxh2 Bxh2 38. c5 Bc7 39. b5 Bd8 40. c6 bxc6 41. bxc6 Bc7 42. Kg2 f4 43. Kf3 Kg5 44. Kf2 Kg4 45. Kg2 f3+ 46. Kf2 Kf4 47. Ke1 Kg3 48. Kf1 f2 0-1

[Event "Live Chess"]
[Site "Chess.com"]
[Date "2023.05.21"]
[Round "-"]
[White "GEMdzq"]
[Black "LiamBellwood"]
[Result "0-1"]
[WhiteElo "2270"]
[BlackElo "1925"]
[TimeControl "300"]
[EndTime "5:20:11 PDT"]
[Termination "LiamBellwood won by resignation"]

1. e4 e6 2. d4 d5 3. Nc3 Bb4 4.
e5 Ne7 5. Bd2 b6 6. Qg4 O-O 7.
h4 c5 8. Nf3 Ba6 9. Bxa6 Nxa6 10.
h5 cxd4 11. Nxd4 Nc5 12. Bh6 g6 13. hxg6 Nxg6 14. Bxf8 Qxf8 15. f4 Ne4 16. f5 Qc5 17. fxg6 Bxc3+ 18. bxc3 Qxc3+ 19. Kf1 Qxa1+ 20. Ke2 Qxh1 21.
gxf7+ Kh8 22. Nxe6 Qh6 23. Nf4 Rf8 24. e6 Qf6 25.
Nxd5 Qf2+ 26. Kd3 Nc5+ 27. Kc4 Qxc2+ 28. Nc3 Qd3+ 29. Kb4 a5+ 0-1

[Event "Live Chess"]
[Site "Chess.com"]
[Date "2023.05.21"]
[Round "-"]
[White "RockTroll"]
[Black "Mechhead7"]
[Result "1-0"]
[WhiteElo "2214"]
[BlackElo "1775"]
[TimeControl "300"]
[EndTime "5:20:14 PDT"]
[Termination "RockTroll won by resignation"]

1. Nf3 Nf6 2. g3 d5 3. Bg2 Bf5 4. d3 h6 5. Nbd2 e6 6. O-O Nbd7 7. Qe1 Bh7 8. e4 dxe4 9. dxe4 c6 10. b3 Bd6 11. Bb2 Qc7 12. e5 Nxe5 13. Nxe5 Bxc2 14. Ndc4 O-O 15. Nxd6 Qxd6 16. Rc1 Bf5 17. Rd1 Qc7 18. Qc3 Rad8 19. Rxd8 Rxd8 20. h3 Nd5 21. Qd4 f6 22.
Nf3 e5 23. Qh4 Nb4 24. g4 Bg6 25. Qg3 Nd3 26. Ba1 Nf4 27. Kh1 Qa5 28. Nh4 Bd3 29.
Rd1 Nxg2 30. Qxg2 Be4 31. Rxd8+ Qxd8 32. Qxe4 Qd1+ 33. Kg2 Qxa1 34. Qc4+ Kh8 35. Ng6+ Kh7 36. Nf8+ Kh8 37. Ng6+ Kh7 38. Ne7 h5 39. Qg8+ Kh6 40. Qh8+ Kg5 41. Qxg7+ Kf4 42. Qxf6+ Ke4 43. Qf5+ Kd4 44.
Qd7+ Ke4 45. Nf5 Qc3 46. Qd1 hxg4 47. hxg4 Kf4 48. Qe2 e4 49. Qe3+ Qxe3 50. Nxe3 1-0

[Event "Live Chess"]
[Site "Chess.com"]
[Date "2023.05.21"]
[Round "-"]
[White "Tiltador"]
[Black "LanceMaster23"]
[Result "0-1"]
[WhiteElo "804"]
[BlackElo "1946"]
[TimeControl "300"]
[EndTime "5:20:17 PDT"]
[Termination "LanceMaster23 won by checkmate"]

1. e4 c5 2. f3 Nc6 3. d3 d5 4. Be2 e5 5. Nc3 d4 6. Nd5 Be6 7. f4 Bxd5 8. exd5 Qxd5 9. Bf3 Qe6 10. Bxc6+ bxc6 11. Nf3 e4 12. Ne5 exd3 13. cxd3 f6 14. O-O fxe5 15. fxe5 Be7 16. Qh5+ Qg6 17. Qh3 Nh6 18. Bf4 Qg4 19. Qf3 Qxf3 20. Rxf3 Ng4 21. Bg3 Rf8 22. Rxf8+ Kxf8 23. Rf1+ Kg8 24. Rf5 Rf8 25.
Rxf8+ Kxf8 26. h3 Ne3 27. a3 c4 28. dxc4 Nxc4 29. Bf2 d3 30. Bxa7 d2 31. b3 d1=Q+ 32.
Kh2 Nd2 33. b4 Nf1+ 34. Kh1 Ne3+ 35. Kh2 Qe2 36. Bc5 Qxg2# 0-1

[Event "Live Chess"]
[Site "Chess.com"]
[Date "2023.05.21"]
[Round "-"]
[White "tpm07"]
[Black "domrobson"]
[Result "1-0"]
[WhiteElo "1942"]
[BlackElo "1729"]
[TimeControl "300"]
[EndTime "5:20:17 PDT"]
[Termination "tpm07 won by resignation"]

1. e4 e5 2. Nf3 Nc6 3. Bb5 a6 4.
Ba4 Nf6 5. O-O Nxe4 6. d4 b5 7.
d5 bxa4 8. dxc6 dxc6 9. Qxd8+ Kxd8 10. Nxe5 Bd6 11. Nxf7+ 1-0

[Event "Live Chess"]
[Site "Chess.com"]
[Date "2023.05.21"]
[Round "-"]
[White "ElectricFalcon"]
[Black "Hacker_2009"]
[Result "0-1"]
[WhiteElo "1082"]
[BlackElo "1937"]
[TimeControl "300"]
[EndTime "5:20:25 PDT"]
[Termination "Hacker_2009 won by resignation"]

1. d4 Nf6 2. c4 e6 3. Nf3 d5 4. c5 b6 5. Nc3 bxc5 6. dxc5 Bxc5 7. Bg5 O-O 8. e3 Be7 9. Bxf6 Bxf6 10.
Bd3 c5 11. O-O Bb7 12. e4 Nc6 13. e5 Nxe5 14. Nxe5 Bxe5 15. Qh5 f5 16. Nb5 d4 17. Rfe1 Bf6 18. Rxe6 Qd5 19. f3 Qxe6 20. Bxf5 Qe3+ 21.
Kh1 Qh6 22. Qg4 Be5 23. h3 Qf4 24. Qxf4 Bxf4 25. Be6+ Kh8 26. Re1 Rfe8 27. a3 Bd5 28. Re4 Bxe4 29. Bd7 Re7 30. fxe4 Rxe4 0-1

[Event "Live Chess"]
[Site "Chess.com"]
[Date "2023.05.21"]
[Round "-"]
[White "Berdgross"]
[Black "Missedidea"]
[Result "0-1"]
[WhiteElo "682"]
[BlackElo "1795"]
[TimeControl "300"]
[EndTime "5:20:42 PDT"]
[Termination "Missedidea won by resignation"]

1. e4 c5 2. d4 cxd4 3. Qxd4 Nc6 4. Qd1 Nf6 5. Nc3 g6 6. Bd3 Bg7 7. Nf3 O-O 8. a3 d6 9. O-O a6 10. Nd5 e6 11. Nxf6+ Bxf6 12. Qd2 Re8 13. Re1 Qc7 14. c3 Na5 15. b4 Nb3 16. Qb2 Nxa1 17. Qxa1 Bxc3 18.
Bb2 Bxe1 19. Qxe1 e5 20. Nd2 Be6 21. b5 Qa5 22. Qe3 Rac8 23. bxa6 bxa6 24. f4 Rc5 25. fxe5 dxe5 26. Nb3 Bxb3 0-1

[Event "Live Chess"]
[Site "Chess.com"]
[Date "2023.05.21"]
[Round "-"]
[White "luckywookie"]
[Black "Ferrarifan27"]
[Result "0-1"]
[WhiteElo "783"]
[BlackElo "2071"]
[TimeControl "300"]
[EndTime "5:21:02 PDT"]
[Termination "Ferrarifan27 won by checkmate"]

1. e4 e5 2. c3 Nf6 3. d4 Nxe4 4.
dxe5 Qe7 5. Nf3 d6 6. Nbd2 Nxd2 7.
Bxd2 dxe5 8. Bg5 f6 9. Be3 Nc6 10. Bb5 Bd7 11. Qb3 a6 12. Bc4 Na5 13. Qb4 Qxb4 14. cxb4 Bxb4+ 15. Ke2 Nxc4 16. b3 Nxe3 17. fxe3 Bb5+ 18. Kf2 O-O-O 19. a3 Bc3 20. Rac1 Bb2 21. Rc2 Bxa3 22. Rhc1 Bc6 23. Rc4 Bxc1 24. Rxc1 Bxf3 25. gxf3 Rd2+ 26. Kg3 Rd3 27. e4 Rxb3 28. Rd1 Rd8 29. Rd5 Rxd5 30. exd5 a5 31. Kg4 a4 32. f4 exf4 33.
Kxf4 a3 34. Kf5 a2 35. Ke6 a1=Q 36. Kf7 f5 37. d6 Qf6+ 38. Ke8 Re3# 0-1

[Event "Live Chess"]
[Site "Chess.com"]
[Date "2023.05.21"]
[Round "-"]
[White "EdenHazard8"]
[Black "TheSmoulderingMaster"]
[Result "1-0"]
[WhiteElo "1948"]
[BlackElo "1628"]
[TimeControl "300"]
[EndTime "5:21:09 PDT"]
[Termination "EdenHazard8 won by resignation"]

1. e4 c5 2. Nc3 Nc6 3. f4 e6 4. Nf3 Nf6 5. Bb5 Qc7 6. d3 a6 7.
Bxc6 Qxc6 8. O-O Be7 9. Qe1 O-O 10. Qg3 d5 11. f5 Bd6 12. e5 Bc7 13. Bh6 Nh5 14. Qg4 exf5 15. Qxh5 Qxh6 16. Qxh6 gxh6 17. Nxd5 Bd8 18. Nf6+ Bxf6 19. exf6 b5 20. Nh4 Re8 21. Nxf5 Bxf5 22. Rxf5 Re2 23. Rf2 Rae8 24. Raf1 R8e6 25. h3 Kf8 26. Rxe2 Rxe2 27. Rf2 Re1+ 28. Kh2 Ra1 29.
a3 Rb1 30. Rf5 Rxb2 31. Rxc5 Ke8 32. Rc6 a5 33. c4 b4 34. axb4 axb4 35. Rb6 b3 36. c5 Rb1 37. c6 Kd8 38. d4 Kc7 39. Rb7+ Kxc6 40. Rb4 b2 41. Kg3 Kd6 42. Kh4 Ke6 43.
Rb6+ Kf5 44. Kh5 Ke4 45. Kxh6 Kxd4 46. Kxh7 Kc5 47. Rb8 Kd6 48. Kg7 Ke6 49. Rb6+ Kf5 50. Kxf7 Ke5 51. Kg7 Rg1 52. Rxb2 1-0

[Event "Live Chess"]
[Site "Chess.com"]
[Date "2023.05.21"]
[Round "-"]
[White "gmnorfolk"]
[Black "grillage"]
[Result "1-0"]
[WhiteElo "2123"]
[BlackElo "1814"]
[TimeControl "300"]
[EndTime "5:21:23 PDT"]
[Termination "gmnorfolk won by resignation"]

1. d4 Nf6 2. c4 e6 3. Nc3 Bb4 4. e3 O-O 5. Bd3 Re8 6. Nf3 c5 7. O-O Bxc3 8. bxc3 d6 9. e4 e5 10.
Bg5 Nbd7 11. Re1 Qc7 12. Nh4 h6 13. Bd2 Nf8 14. h3 Qe7 15. Nf5 Bxf5 16. exf5 Qc7 17. d5 e4 18. Bc2 Qd7 19. g4 N8h7 20. h4 b5 21. g5 e3 22. Bxe3 hxg5 23. hxg5 Ne4 24.
Qf3 Nexg5 25. Qg4 f6 26. Kg2 bxc4 27. Rh1 Kf7 28. Rae1 Rh8 29. f4 Rab8 30. fxg5 Nxg5 31. Rxh8 Rxh8 32. Bxg5 fxg5 33. Qxg5 Rh6 34. Re6 1-0

[Event "Live Chess"]
[Site "Chess.com"]
[Date "2023.05.21"]
[Round "-"]
[White "Brooms1989"]
[Black "GMHarry-youtube"]
[Result "0-1"]
[WhiteElo "1160"]
[BlackElo "2038"]
[TimeControl "300"]
[EndTime "5:21:26 PDT"]
[Termination "GMHarry-youtube won by checkmate"]

1. e4 c5 2. Nc3 d6 3. f4 Nf6 4. Nf3 g6 5. Bb5+ Bd7 6. Bxd7+ Qxd7 7. O-O Bg7 8. e5 dxe5 9. fxe5 Ng4 10. Qe2 Nc6 11. h3 Ngxe5 12. Nxe5 Bxe5 13. Qf3 O-O 14. d3 Bc7 15. Bh6 Qd6 16. Bxf8 Rxf8 17. Ne4 Qh2+ 18. Kf2 Nd4 19. Qg4 f5 20. Qh4 fxe4+ 21. Ke3 Nxc2+ 22. Kxe4 Qxg2+ 23. Rf3 Qxf3# 0-1

[Event "Live Chess"]
[Site "Chess.com"]
[Date "2023.05.21"]
[Round "-"]
[White "Crowded_House"]
[Black "1600x"]
[Result "0-1"]
[WhiteElo "1605"]
[BlackElo "1873"]
[TimeControl "300"]
[EndTime "5:21:28 PDT"]
[Termination "1600x won by resignation"]

1. d4 e5 2. dxe5 Nc6 3. Nf3 d6 4. exd6 Bxd6 5. Bg5 Nf6 6. e3 h6 7. Bh4 O-O 8. Bd3 Bg4 9. Nbd2 Re8 10.
h3 Be6 11. O-O Nb4 12. Bc4 g5 13. Bxe6 Rxe6 14. Bg3 Bxg3 15. fxg3 Nbd5 16. Re1 Nf4 17. exf4 Rxe1+ 18. Qxe1 g4 19. hxg4 Nxg4 20. Nh2 Qd4+ 21. Kh1 Nf2+ 22. Kg1 Nd3+ 23. Kf1 Nxe1 0-1